 Dungeon Crawl Stone Soup version 0.28-a0-479-g5baa6b73be (webtiles) character file.

Game seed: 12686513158726069934

55 Dabor the Conjurer (level 3, -2/26 HPs)
             Began as a Demigod Conjurer on Sept 18, 2021.
             Slain by a hobgoblin (3 damage)
             ... led by Robin
             ... on level 2 of the Dungeon.
             The game lasted 00:04:28 (1305 turns).

Dabor the Conjurer (Demigod Conjurer)               Turns: 1305, Time: 00:04:29

Health: -2/26      AC:  2    Str:  8    XL:     3   Next: 45%
Magic:  1/8        EV: 12    Int: 24    God:
Gold:   84         SH:  4    Dex: 18    Spells: 3/6 levels left

rFire   . . .      SeeInvis .   (no weapon)
rCold   . . .      Faith    .   b - +0 buckler
rNeg    . . .      Spirit   .   a - +0 robe
rPois   .          Reflect  .   (no helmet)
rElec   .          Harm     .   (no cloak)
rCorr   .          Rampage  .   (no gloves)
Will    .....                   (no boots)
Stlth   ++........              (no amulet)
HPRegen 0.08/turn               d - +6 ring of dexterity
MPRegen 0.11/turn               (no ring)

@: no status effects
A: high mp 1, forlorn
a: no special abilities


You were on level 2 of the Dungeon.
You visited 1 branch of the dungeon, and saw 2 of its levels.

You collected 84 gold pieces.

Inventory:

Armour
 a - a +0 robe (worn)
 b - a +0 buckler (worn)
Jewellery
 d - a +6 ring of dexterity (left hand)
Scrolls
 c - a scroll of noise {unknown}
 f - a scroll of identify {unknown}
Potions
 e - a potion of heal wounds {unknown}
 g - a potion of haste {unknown}


   Skills:
 + Level 2.3 Dodging
 + Level 2.4 Stealth
 + Level 2.1 Spellcasting
 + Level 3.9 Conjurations
 * Level 0.7 Hexes


You had 3 spell levels left.
You knew the following spells:

 Your Spells              Type           Power      Damage    Failure   Level
a - Magic Dart            Conj           84%        1d7       3%          1
b - Searing Ray           Conj           42%        2d6       6%          2

Your spell library contained the following spells:

 Spells                   Type           Power      Damage    Failure   Level
 Dazzling Flash           Conj/Hex       28%        N/A       22%         3
 Fulminant Prism          Conj/Hex       7%         3d7       58%         4
 Iskenderun's Mystic Bla  Conj/Tloc      12%        2d5       65%         4


Dungeon Overview and Level Annotations

Branches:
Dungeon (2/15)

Shops:
D:2 ?


Innate Abilities, Weirdness & Mutations

Your attributes grow dramatically as you level up.
You have an increased reservoir of magic. (+10% MP)
You shall have no god before yourself.


Message History

Aim: Robin, wielding a +0 dagger, wearing a +0 animal skin, wearing a +0 helmet and carrying a wand of flame (20) (lightly wounded, 84% to hit)
The searing ray hits Robin!
Robin is severely wounded.
The searing ray misses the goblin. (Press . to maintain the ray.)
The hobgoblin closely misses you.
The searing ray hits Robin!
You kill Robin!
The searing ray misses the goblin.
The searing ray hits the goblin.
You kill the goblin!
The hobgoblin misses you.
Without enough magic to sustain it, your searing ray dissipates.
The goblin closely misses you. The hobgoblin hits you.
You hit the goblin.
The goblin is heavily wounded.
The goblin closely misses you. The hobgoblin closely misses you.
A goblin comes into view. It is wielding a +0 dagger.
You hit the goblin but do no damage.
The goblin is heavily wounded.
The goblin barely misses you. The hobgoblin closely misses you.
You hit the hobgoblin.
The hobgoblin is moderately wounded.
The goblin hits you but does no damage. The hobgoblin misses you.
You hit the hobgoblin but do no damage.
The hobgoblin is moderately wounded.
The goblin hits you with a +0 dagger. The hobgoblin hits you.
You hit the hobgoblin but do no damage.
The hobgoblin is moderately wounded.
The goblin closely misses you. The hobgoblin hits you.
* * * LOW HITPOINT WARNING * * *
You hit the hobgoblin but do no damage.
The hobgoblin is moderately wounded.
The goblin closely misses you. The hobgoblin hits you.
* * * LOW HITPOINT WARNING * * *
You barely miss the hobgoblin.
The hobgoblin is moderately wounded.
The goblin hits you with a +0 dagger.
* * * LOW HITPOINT WARNING * * *
The hobgoblin hits you.
You die...

#.#..#........#####
#.#####.#...###
........∩.......
#.#####.#.#...### #
#.......# #..####.#
#.## ... #.#####g#
### #...)gg@#
####.#### #


You could see a hobgoblin (strong) and 2 goblins.

Vanquished Creatures
  Robin (D:2)
  An adder (D:2)
  A dart slug (D:1)
  An endoplasm (D:1)
  A giant cockroach (D:1)
  7 goblins
  2 hobgoblins
  5 jackals
  2 ball pythons
  4 bats
  A frilled lizard (D:1)
  5 kobolds (D:1)
  3 rats (D:1)
34 creatures vanquished.

Notes
Turn   | Place    | Note
-------+----------+-------------------------------------------
     0 | D:1      | Dabor the Demigod Conjurer began the quest for the Orb.
     0 | D:1      | Reached XP level 1. HP: 14/14 MP: 5/5
   285 | D:1      | Reached XP level 2. HP: 20/20 MP: 5/7
  1210 | D:1      | Learned a level 2 spell: Searing Ray
  1214 | D:2      | Reached XP level 3. HP: 26/26 MP: 4/8
  1264 | D:2      | Found Soakkuoh's Magic Scroll Emporium.
  1292 | D:2      | Noticed Robin
  1297 | D:2      | Killed Robin
  1305 | D:2      | HP: 1/26 [goblin[Robin] (5)]
  1305 | D:2      | Slain by a hobgoblin

Illustrated notes

Levels and vault maps discovered:
D:1:      nzn_arrival_settlement, layout_rooms, minmay_octomino_c4
D:2:      layout_loops_ring, serial_shops, shop, nicolae_shop_crystal, shop,
          shop, minmay_stone_trees_small, minmay_ruptured, uniq_robin

Skill      XL: |  1  2 |
---------------+-------+-----
Dodging        | 2 |  2.3
Stealth        | 2 |  2.4
Spellcasting   | 2 |  2.1
Conjurations   | |  3.9
Hexes          | |  0.7

Action                   || total
-------------------------++-------
Melee: Unarmed           ||    37
 Cast: Magic Dart        ||    54
       Searing Ray       ||     4
Armor: Robe              ||     9
Dodge: Dodged            ||    52
Block: Buckler           ||     5

Table legend: (Time is in decaauts)
 A = Elapsed time spent in this place.
 B = Non-inter-level travel time spent in this place.
 C = Inter-level travel time spent in this place.
 D = Time resting spent in this place.
 E = Time spent auto-exploring this place.
 F = Levels seen in this place.
 G = Mean time per level.
                   A        B        C        D        E       F      G
               +--------+--------+--------+--------+--------+-----+--------+
         Total |   1308 |   1289 |     19 |    471 |    503 |   2 |  654.0 |
       Dungeon |   1308 |   1289 |     19 |    471 |    503 |   2 |  654.0 |
               +--------+--------+--------+--------+--------+-----+--------+

Top non-repeatable levels by time:
     D:1: 1180 daAuts
     D:2: 127 daAuts
